 Dungeon Crawl Stone Soup version 0.18-a0-775-g4d9e04e (webtiles) character file.

77155 Arkorax the Messiah (level 15, -1/143 HPs)
             Began as a Hill Orc Monk on Dec 13, 2015.
             Was the Champion of Beogh.
             Slain by an ogre
             ... wielding a +0 giant club
              (18 damage)
             ... on level 1 of the Orcish Mines.
             The game lasted 01:18:42 (31861 turns).

Arkorax the Messiah (Hill Orc Monk)                Turns: 31861, Time: 01:18:42

Health: -1/143     AC: 19    Str: 26    XL:     15   Next: 55%
Magic:  28/28      EV: 12    Int: 10    God:    Beogh [******]
Gold:   1823       SH:  0    Dex: 14    Spells: 1 memorised, 12 levels left

rFire  . . .     SeeInvis .       - Unarmed
rCold  . . .     Clarity  .     e - +3 leather armour of the Solstice {Str+7}
rNeg   . . .     SustAt   .     (no shield)
rPois  .         Gourm    .     (no helmet)
rElec  .         Spirit   .     L - +1 cloak
rCorr  .         Dismiss  .     z - +2 pair of gloves
rMut   .         Stasis   .     X - +0 pair of boots
MR     ++...                    (no amulet)
Stlth  +++.......               V - ring of the Morning {MR+ EV-4 Stlth+} (curse)
                                c - ring of Shaolin {EV+8}

@: very resistant to hostile enchantments, fairly stealthy
A: walk on water, rough black scales 1
a: Smiting, Recall Orcish Followers, Give Item to Named Follower, Renounce
Religion


You were on level 1 of the Orcish Mines.
You worshipped Beogh.
Beogh was exalted by your worship.
You were not hungry.

You visited 3 branches of the dungeon, and saw 23 of its levels.
You also visited: Labyrinth, Sewer and Ice Cave.

You collected 2414 gold pieces.
You spent 591 gold pieces at shops.

Inventory:

Hand Weapons
 k - a +3 longbow of flaming
Missiles
 n - 27 poisoned arrows
 s - 20 arrows
Armour
 e - the +3 leather armour of the Solstice (worn) {Str+7}
   (You found it on level 5 of the Lair of Beasts)

   It affects your strength (+7).
 u - a +0 plate armour
 z - a +2 pair of gloves (worn)
 L - a +1 cloak (worn)
 X - a +0 pair of boots (worn)
Jewellery
 c - the ring of Shaolin (left hand) {EV+8}
   (You found it on level 7 of the Lair of Beasts)

   [ring of evasion]

   It affects your evasion (+8).
 f - the ring of Zixtom {rElec MR+ MP+9}
   (You found it in a labyrinth)

   [ring of magical power]

   It insulates you from electricity.
   It affects your resistance to hostile enchantments.
   It affects your magic capacity (+9).
 V - the cursed ring of the Morning (right hand) {MR+ EV-4 Stlth+}
   (You found it on level 9 of the Dungeon)

   [ring of evasion]

   It affects your evasion (-4).
   It affects your resistance to hostile enchantments.
   It makes you more stealthy.
   It has a curse placed upon it.
Wands
 E - a wand of hasting (6)
 G - a wand of digging (22)
 I - a wand of lightning (6)
 K - a wand of fireball (7)
 O - a wand of flame (24)
 T - a wand of cold (2)
Scrolls
 a - 12 scrolls of teleportation
 g - 7 scrolls of fear
 i - 3 scrolls of magic mapping
 j - 5 scrolls of fog
 x - 5 scrolls of enchant armour
 A - a scroll of recharging
 D - 3 scrolls of remove curse
 P - 3 scrolls of amnesia
 Q - 9 scrolls of identify
Potions
 b - a potion of resistance
 l - 2 potions of agility
 m - 4 potions of magic
 o - 2 potions of brilliance
 r - 5 potions of flight
 t - 2 potions of curing
 M - 2 potions of lignification
 S - 2 potions of ambrosia
 Z - a potion of haste
Miscellaneous
 p - a phial of floods
 C - a phantom mirror
Comestibles
 h - a bread ration
 q - 37 fruits
 J - 4 slices of pizza


   Skills:
 - Level 15.8 Fighting
 * Level 3.1 Bows
 - Level 8.4 Armour
 + Level 4.0 Dodging
 - Level 1.5 Stealth
   Level 11.5 Shields
 - Level 11.9 Unarmed Combat
 * Level 19.3 Invocations


You had 12 spell levels left.
You knew the following spells:

 Your Spells              Type           Power        Failure   Level  Hunger
a - Shroud of Golubria    Chrm/Tloc      #.........   67%         2    ###....


Dungeon Overview and Level Annotations

Branches:
Dungeon (13/15)            Temple (0/1) D:4            Lair (8/8) D:9
 Shoals (0/4) Lair:5       Spider (0/4) Lair:4        Slime (0/6) Lair:7
    Orc (2/2) D:10            Elf (0/3) Orc:2
 Vaults: D:13-14

Altars:
Cheibriados
Dithmenos
Gozag
Kikubaaqudgha
Nemelex Xobeh
Qazlal
Ru
Xom
The Shining One
Jiyva

Shops:
D:9 *   Orc:2 *[(=

Annotations:
Lair:2 exclusion: ice statue
Lair:3 Proton's ghost, journeyman OgFi


Innate Abilities, Weirdness & Mutations

You can walk on water.
You are partially covered in rough black scales (AC +4, Dex -1).


Message History

The orc warrior falls on its knees before you.
It says, "I'm so glad you are here now."
The orc stares at you in amazement and kneels.
It shouts, "I'll follow thee gladly!"
The orc priest falls on its knees before you.
It shouts, "I'll follow thee gladly!"
The orc wizard stares at you in amazement and kneels.
The orc relaxes its fighting stance and smiles at you.
It says, "I'm so glad you are here now."
The orc priest stares at you in amazement and kneels.
It shouts, "I'll follow thee gladly!"
The orc warrior relaxes its fighting stance and smiles at you.
It asks, "Are you our saviour?"
The orc wizard falls on its knees before you.
The orc relaxes its fighting stance and smiles at you.
It shouts, "I'll follow thee gladly!"
The orc falls on its knees before you.
It says, "I'm so glad you are here now."
The ogre hits you with a giant club!!
You die...

###...#o..
#.........
..........
..#.o....
......... ##.
##........
#....#....$....
#......@....oo.
#......O.......
#......o...$...
##..o..o.......
###....ooo.##.
.o.#o...o..
....o)o..)...
......o.o.o..#


You could see an orc warlord, 3 orc warriors, an ogre, 3 friendly orc warriors,
2 friendly orc priests, 3 friendly orc wizards and 6 friendly orcs.

Vanquished Creatures
  Rupert (Lair:3)
  A frost giant (IceCv)
  A minotaur (Lab)
  5 hydras
  An anaconda (Lair:8)
  4 death yaks
  2 orc high priests (Orc:2)
  The ghost of Proton the Skirmisher, a novice NaFi of Cheibriados (D:8)
  The ghost of Arkorax the Carver, a novice HEBe of Trog (D:6)
  A hill giant (D:11)
  An orb spider (Lair:4)
  2 orc sorcerers (Orc:2)
  A deep elf mage (D:9)
  An ugly thing (D:9)
  An orc knight (Orc:1)
  2 griffons
  6 elephants
  6 black mambas
  16 spiny frogs
  2 torpor snails
  An ice statue (IceCv)
  A centaur skeleton (D:12)
  6 komodo dragons
  A fire drake (Lair:5)
  4 trolls
  20 polar bears
  A minotaur skeleton (Lab)
  24 blink frogs
  3 two-headed ogres
  Sigmund (D:3)
  A trapdoor spider (Lab)
  3 wyverns
  A wraith (D:10)
  6 basilisks
  6 hippogriffs
  64 yaks
  A hungry ghost (D:10)
  A fire elemental (D:12)
  3 wargs
  A steam dragon (D:9)
  28 wolves
  A mottled dragon (D:9)
  5 water moccasins
  5 ice beasts
  9 porcupines
  8 orc warriors
  A necrophage (D:9)
  5 ogres
  3 phantoms
  4 centaurs
  9 crocodiles
  2 big kobolds
  16 giant frogs
  A wyvern zombie (D:9)
  8 killer bees (D:9)
  3 scorpions
  3 wights (D:8)
  2 electric eels (D:9)
  4 crimson imps
  2 jellies (D:8)
  A giant frog zombie (D:5)
  7 hounds
  3 orc priests
  A centaur zombie (D:9)
  15 orc wizards
  3 giant frog skeletons
  A wyvern simulacrum (D:9)
  Terence (D:3)
  Jessica (D:4)
  A gnoll shaman (D:8)
  5 iguanas
  8 worker ants
  2 killer bee zombies
  25 sheep
  A hound zombie (D:6)
  16 adders
  16 gnolls
  4 river rats
  4 shadow imps
  10 white imps
  2 oozes
  A worm (Sewer)
  2 adder skeletons (D:4)
  8 giant geckos
  38 orcs
  4 ball pythons
  12 giant cockroaches
  5 goblins
  7 hobgoblins
  10 jackals
  3 quokkas
  12 bats
  8 giant newts
  7 kobolds
  7 rats
  4 plants
579 creatures vanquished.

Vanquished Creatures (collateral kills)
  An orc warlord (Orc:1)
  Nessos (D:12)
  2 dire elephants (Lair:8)
  The ghost of Elizilla the Grappler, a journeyman TrMo of Dithmenos (D:12)
  Azrael (D:12)
  Fannar (Lair:3)
  A hydra (Lair:8)
  4 orc sorcerers (Orc:2)
  A hill giant (D:11)
  2 orc knights (Orc:2)
  A cyclops (Orc:2)
  3 elephants (Lair:8)
  A black mamba (Lair:7)
  5 spiny frogs
  3 komodo dragons
  2 fire drakes
  2 trolls (Orc:2)
  A blink frog (Lair:6)
  2 wargs (Orc:2)
  25 yaks
  A wyvern (Lair:6)
  A basilisk (Lair:8)
  2 fire elementals (D:12)
  3 wolves
  3 hippogriffs
  A hell hound (D:12)
  9 orc warriors
  2 porcupines
  8 water moccasins
  3 crocodiles
  3 ogres
  3 giant frogs
  A wyvern zombie (D:9)
  A killer bee (D:9)
  A hound (D:9)
  A crimson imp (D:12)
  2 iguanas
  A centaur skeleton (D:9)
  An orc priest (Orc:2)
  5 orc wizards
  2 adders
  5 sheep
  A hound skeleton (D:9)
  9 river rats
  3 white imps (Lair:8)
  4 orcs
  A quokka (D:11)
  20 fungi
  4 plants
161 creatures vanquished.

Vanquished Creatures (others)
  An orc high priest (D:10)
  2 orc knights
  An orc sorcerer (Orc:2)
  10 orc warriors
  9 orc priests
  6 orc wizards
  34 orcs
  23 fungi
  13 plants
99 creatures vanquished.

Grand Total: 839 creatures vanquished

Notes
Turn   | Place    | Note
--------------------------------------------------------------
     0 | D:1      | Arkorax the Hill Orc Monk began the quest for the Orb.
     0 | D:1      | Reached XP level 1. HP: 19/19 MP: 1/1
    98 | D:1      | Reached XP level 2. HP: 25/27 MP: 2/2
   439 | D:1      | Reached XP level 3. HP: 34/34 MP: 3/3
   663 | D:2      | Reached skill level 5 in Unarmed Combat
   881 | D:2      | Found an opulent altar of Gozag.
   956 | D:2      | Reached XP level 4. HP: 39/41 MP: 4/4
   966 | D:2      | Found a sacrificial altar of Ru.
  1142 | D:2      | Reached skill level 5 in Fighting
  1281 | D:3      | Noticed Terence
  1314 | D:3      | Killed Terence
  1314 | D:3      | Reached XP level 5. HP: 48/48 MP: 5/5
  1344 | D:3      | Reached skill level 6 in Unarmed Combat
  1494 | D:3      | Found a glowing drain.
  1517 | Sewer    | Entered a sewer
  2015 | D:3      | Noticed Jessica
  2042 | D:3      | Reached XP level 6. HP: 49/57 MP: 6/6
  2100 | D:3      | Found a sparkling altar of Nemelex Xobeh.
  2504 | D:3      | Noticed Sigmund
  2594 | D:3      | Killed Sigmund
  2594 | D:3      | Reached skill level 7 in Fighting
  2594 | D:3      | Reached XP level 7. HP: 35/66 MP: 7/7
  2988 | D:4      | Killed Jessica
  3144 | D:4      | Found a staircase to the Ecumenical Temple.
  3321 | D:4      | Gained mutation: You are partially covered in rough black scales (AC +4, Dex -1). [potion of beneficial mutation]
  3669 | D:5      | Entered Level 5 of the Dungeon
  3781 | D:5      | Reached skill level 8 in Fighting
  3863 | D:5      | Reached XP level 8. HP: 30/75 MP: 8/8
  4202 | D:5      | Reached skill level 1 in Armour
  4441 | D:6      | Found a glowing golden altar of the Shining One.
  4441 | D:6      | Found a snail-covered altar of Cheibriados.
  4539 | D:6      | Reached skill level 9 in Fighting
  4772 | D:6      | Found a shadowy altar of Dithmenos.
  4775 | D:6      | Found a shimmering altar of Xom.
  4786 | D:6      | Found a stormy altar of Qazlal.
  4789 | D:6      | Found an ancient bone altar of Kikubaaqudgha.
  4900 | D:6      | Noticed Arkorax's ghost (novice HEBe)
  4967 | D:6      | Killed Arkorax's ghost
  4967 | D:6      | Reached XP level 9. HP: 51/85 MP: 9/9
  5343 | D:7      | Became a worshipper of Beogh the Brigand
  5343 | D:7      | Reached * piety under Beogh
  5343 | D:7      | Reached ** piety under Beogh
  5388 | D:7      | Reached skill level 10 in Fighting
  5744 | D:7      | Reached skill level 5 in Armour
  5758 | D:7      | Reached skill level 10 in Unarmed Combat
  6340 | D:7      | Reached XP level 10. HP: 44/94 MP: 10/10
  6543 | D:8      | Reached skill level 11 in Fighting
  6654 | D:8      | Reached *** piety under Beogh
  6682 | D:8      | Noticed Proton's ghost (novice NaFi)
  6745 | D:8      | Killed Proton's ghost
  7261 | D:9      | Noticed a red ugly thing
  7349 | D:9      | Found Leweupon's Assorted Antiques.
  7357 | D:9      | Bought a scroll of enchant armour for 217 gold pieces
  7357 | D:9      | Bought a potion of curing for 87 gold pieces
  7357 | D:9      | Bought a potion of curing for 87 gold pieces
  8021 | D:9      | Reached skill level 12 in Fighting
  8261 | D:9      | Noticed a deep elf mage
  8296 | D:9      | Killed a deep elf mage
  8351 | D:9      | Reached **** piety under Beogh
  8371 | D:9      | Reached skill level 1 in Invocations
  8554 | D:9      | Found a staircase to the Lair.
  8574 | D:9      | Reached XP level 11. HP: 81/105 MP: 12/12
  8768 | D:9      | Gained Jorge as an ally
  8773 | D:9      | Your ally Jorge died
  8907 | D:9      | Got a flickering tin ring
  8916 | D:9      | Got a smoking scale mail
  8932 | D:9      | Identified the +5 scale mail of Vanity {rC+} (You found it on level 9 of the Dungeon)
  8935 | D:9      | Identified the cursed ring of the Morning {MR+ EV-4 Stlth+} (You found it on level 9 of the Dungeon)
  9119 | D:10     | Entered Level 10 of the Dungeon
  9119 | D:10     | Found a staircase to the Orcish Mines.
  9465 | D:10     | Reached skill level 1 in Shields
  9580 | D:10     | Reached skill level 5 in Invocations
 10518 | Orc:1    | Entered Level 1 of the Orcish Mines
 10519 | Orc:1    | Noticed an orc knight
 10574 | Lair:1   | Entered Level 1 of the Lair of Beasts
 11596 | Lair:2   | Reached skill level 5 in Shields
 12428 | Lair:1   | Killed a black mamba
 12942 | Lair:2   | Reached XP level 12. HP: 97/113 MP: 18/18
 13766 | Lair:2   | Reached skill level 10 in Invocations
 14248 | Lair:3   | Noticed Rupert
 14263 | Lair:3   | Killed Rupert
 14263 | Lair:3   | Reached skill level 13 in Fighting
 14296 | Lair:3   | Noticed a six-headed hydra
 14306 | Lair:3   | Killed a six-headed hydra
 14410 | Lair:3   | Noticed Proton's ghost (journeyman OgFi)
 14594 | Orc:1    | Noticed an orc high priest
 15436 | D:11     | Noticed a seven-headed hydra
 15510 | D:10     | Killed a seven-headed hydra
 15874 | D:11     | Gained Arbeogh as an ally
 16308 | D:12     | Noticed Elizilla's ghost (journeyman TrMo)
 16625 | Lair:3   | Reached XP level 13. HP: 117/123 MP: 21/23
 17039 | Lair:3   | Your ally Arbeogh died
 17053 | Lair:3   | Reached skill level 14 in Fighting
 17459 | Lair:3   | Noticed Fannar
 17469 | Lair:3   | Gained Alork as an ally
 17490 | Lair:3   | Killed Fannar
 18141 | Lair:4   | Your ally Alork died
 18883 | Lair:4   | Reached skill level 15 in Invocations
 19439 | Lair:4   | Found a hole to the Spider Nest.
 20282 | Lair:5   | Found a staircase to the Shoals.
 20550 | Lair:5   | Gained Wardok as an ally
 20600 | Lair:5   | Got a pitted leather armour
 20611 | Lair:5   | Identified the +3 leather armour of the Solstice {Str+7} (You found it on level 5 of the Lair of Beasts)
 20688 | Lair:5   | Reached skill level 16 in Invocations
 21114 | Lair:5   | Reached skill level 15 in Fighting
 21471 | Lair:6   | Found a labyrinth entrance.
 21477 | Lab      | Entered a labyrinth
 21701 | Lab      | Noticed a minotaur
 21711 | Lab      | Killed a minotaur
 21908 | Lab      | Got a clouded lapis lazuli ring
 21908 | Lab      | Got a translucent marble ring
 21911 | Lab      | Identified the ring of Dapuwn {+Fly Str+4 Int-3 SInv} (You found it in a labyrinth)
 21913 | Lab      | Identified the ring of Zixtom {rElec MR+ MP+9} (You found it in a labyrinth)
 21923 | Lab      | Got a bloodstained great mace
 21998 | Lair:6   | Gained Gorm as an ally
 22206 | Lair:6   | Reached XP level 14. HP: 135/135 MP: 26/26
 22429 | Lair:6   | Reached ***** piety under Beogh
 22755 | Lair:6   | Reached skill level 17 in Invocations
 22925 | Lair:6   | Your ally Gorm died
 23743 | Lair:7   | Gained Learuk as an ally
 24404 | Lair:7   | Found a staircase to the Slime Pits.
 24405 | Lair:7   | Found a viscous altar of Jiyva.
 24799 | Lair:8   | Entered Level 8 of the Lair of Beasts
 24838 | Lair:8   | Found a frozen archway.
 25162 | IceCv    | Entered an ice cave
 25711 | IceCv    | Reached ****** piety under Beogh
 25725 | IceCv    | Reached skill level 10 in Shields
 25950 | IceCv    | Reached skill level 18 in Invocations
 26156 | IceCv    | Noticed a frost giant
 26168 | IceCv    | Killed a frost giant
 26889 | Lair:8   | Reached XP level 15. HP: 127/141 MP: 28/28
 27945 | Lair:8   | Identified the Incunabulum of Ensnaring Talismans (You found it on level 8 of the Lair of Beasts)
 27949 | Lair:8   | Learned a level 2 spell: Shroud of Golubria
 28359 | D:12     | Killed Elizilla's ghost
 28723 | D:12     | Noticed Azrael
 28760 | D:12     | Killed Azrael
 29127 | D:12     | Noticed Nessos
 29142 | D:12     | Killed Nessos
 29142 | D:12     | Reached skill level 19 in Invocations
 29731 | D:11     | Reached skill level 1 in Bows
 30009 | Orc:2    | Entered Level 2 of the Orcish Mines
 30636 | Orc:2    | Found Adoupp's Jewellery Boutique.
 30693 | Orc:2    | Found Muell's Antique Weapon Shop.
 30724 | Orc:2    | Found Pimny's General Store.
 30740 | Orc:2    | Bought a scroll of enchant armour for 120 gold pieces
 30740 | Orc:2    | Bought a bread ration for 80 gold pieces
 30954 | Orc:2    | Found Xecwigeu's Antique Armour Boutique.
 30960 | Orc:2    | Gained Warrok as an ally
 31535 | Orc:2    | Found a staircase to the Elven Halls.
 31861 | Orc:1    | Slain by an ogre

Vault maps used:
D:1:      minmay_arrival_nine_rooms
D:2:      marbit_many_paths, nicolae_ru_awakened_eye
D:3:      first_bread, gup_sewer_entry_pipe, nemelex_spade_bored_becter,
          uniq_jessica, uniq_terence, uniq_sigmund
D:4:      minmay_temple_entry_trees
D:6:      grunt_temple_overflow_cloverleaf, amethyst_overflow_temple_binary
D:9:      erik_lair_island, serial_shops, shop, blue_anna_alchemist,
          minivault_12
D:10:     orc_0_dummy, minmay_misc_feat_columns, grunt_ministairs_3
D:12:     uniq_nessos, uniq_azrael
D:13:     basic_altar
Lair:2:   ice2_lemuel, lemuel_fruit_tree
Lair:3:   grunt_forest_small_clearings, uniq_fannar, uniq_rupert
Lair:4:   nicolae_spider_entry_orb_guardian, st_stairs_7,
          cheibrodos_lair_reptile_den, lemuel_fruit_fields
Lair:5:   shoals_dummy_entry
Lair:6:   lab_entry_generic, nicolae_lair_grove_arrangements,
          beast_lair_carwin_10
Lair:7:   slime_altar_1, serial_bayou_shore_b
Lair:8:   due_jungle_book, portal_ice_cave_entry_imps, minmay_stone_trees_small
Orc:1:    uniq_harold
Orc:2:    grunt_orc_gardens, grunt_orc_garden, grunt_orc_garden,
          grunt_orc_garden, grunt_orc_garden
Lab:      labyrinth_hidden_loot, labyrinth_glass_1, labyrinth_skeletal_remains,
          nicolae_lab_grate_2, nicolae_lab_big_swirl
Sewer:    sewer_fruit_machine
IceCv:    ice_cave_caverns_03

Action                   |  1- 3 |  4- 6 |  7- 9 | 10-12 | 13-15 || total
-------------------------+-------+-------+-------+-------+-------++-------
Melee: Unarmed           |    93 |   352 |   445 |   931 |  1528 ||  3349
Invok: Convert to Beogh  |       |       |     1 |       |       ||     1
       Smiting           |       |       |       |     7 |     6 ||    13
       Recall Orcish Fol |       |       |       |     2 |    22 ||    24
       Give Item to Name |       |       |       |       |     2 ||     2
Evoke: Wand              |       |     4 |       |    14 |     1 ||    19
  Use: Potion            |       |     7 |     1 |     6 |    13 ||    27
       Scroll            |       |       |     8 |    20 |     7 ||    35
 Stab: Sleeping          |     4 |       |       |     1 |     7 ||    12
       Distracted        |       |       |       |     2 |     7 ||     9
       Confused          |       |       |       |     2 |       ||     2
  Eat: Chunk             |       |     6 |     1 |     6 |     9 ||    22
       Bread ration      |       |       |     2 |     2 |     3 ||     7
       Meat ration       |       |       |     1 |     1 |     2 ||     4
       Fruit             |       |       |       |    18 |    15 ||    33
       Beef jerky        |       |       |       |       |     5 ||     5
       Royal jelly       |       |       |       |       |     1 ||     1
